 Dungeon Crawl Stone Soup version 0.29.1-12-g30fa7ad0bf (webtiles) character file.

Game seed: 18363277327082728113

847 croobank the Conjurer (level 7, -3/50 (52) HPs)
             Began as a Demonspawn Conjurer on Dec 18, 2022.
             Slain by a wight
             ... wielding a +2 spear of freezing
              (12 damage)
             ... on level 5 of the Dungeon.
             The game lasted 00:16:28 (6019 turns).

croobank the Conjurer (Demonspawn Conjurer)         Turns: 6019, Time: 00:16:29

HP:   -3/50 (52)    AC:  2    Str: 14    XL:     7   Next: 68%
MP:   1/12          EV: 12    Int: 29    God:
Gold: 198           SH:  0    Dex: 11    Spells: 3/13 levels left

rFire   + . .      SeeInvis .   c - +1 short sword
rCold   . . .      Faith    .   (no shield)
rNeg    . . .      Spirit   .   a - +0 robe
rPois   .          Reflect  .   (helmet restricted)
rElec   .          Harm     .   (no cloak)
rCorr   .          Rampage  .   (no gloves)
Will    .....                   (no boots)
Stlth   ++........              (no amulet)
HPRegen 1.16/turn               f - +6 ring of intelligence
MPRegen 0.13/turn               r - +6 ring of strength

@: lightly drained
A: horns 2, powered by death 2, big brain 1, hooves 1, fire resistance 1
a: no special abilities


You were on level 5 of the Dungeon.
You visited 1 branch of the dungeon, and saw 5 of its levels.

You collected 198 gold pieces.

Inventory:

Hand Weapons
 c - a +1 short sword (weapon)
 x - a +0 scimitar
Missiles
 n - a throwing net
Armour
 a - a +0 robe (worn)
 e - a +1 leather armour of poison resistance
Magical Staves
 i - a staff of death
Jewellery
 f - a +6 ring of intelligence (left hand)
 g - a +4 ring of protection
 j - a +4 ring of evasion
 l - a +6 ring of dexterity
 r - a +6 ring of strength (right hand)
Scrolls
 m - 2 scrolls of noise {unknown}
 o - a scroll of enchant armour {unknown}
 s - a scroll of poison {unknown}
 t - a scroll of fear {unknown}
 u - a scroll of teleportation
 v - a scroll of blinking {unknown}
 w - 3 scrolls of identify
Potions
 b - 3 potions of magic
 d - a potion of mutation
 h - a potion of brilliance
 k - a potion of ambrosia
 p - a potion of resistance {unknown}
 q - a potion of lignification {unknown}


   Skills:
 + Level 3.6 Fighting
 + Level 3.6 Dodging
 + Level 3.7 Stealth
 + Level 3.5 Spellcasting
 + Level 5.2 Conjurations
 + Level 2.5 Hexes
 + Level 1.6 Translocations


You had 3 spell levels left.
You knew the following spells:

 Your Spells              Type           Power      Damage    Failure   Level
a - Magic Dart            Conj           100%       1d8       1%          1
b - Searing Ray           Conj           70%        2d7       1%          2
c - Dazzling Flash        Conj/Hex       54%        N/A       4%          3
d - Iskenderun's Mystic   Conj/Tloc      25%        2d7       17%         4

Your spell library contained the following spells:

 Spells                   Type           Power      Damage    Failure   Level
 Gell's Gravitas          Tloc           14%        N/A       11%         3
 Teleport Other           Tloc           14%        N/A       11%         3
 Fulminant Prism          Conj/Hex       13%        3d9       14%         4
 Petrify                  Tmut/Erth      5%         N/A       58%         4
 Metabolic Englaciation   Hex/Ice        6%         N/A       75%         5
 Dispersal                Tloc           7%         N/A       99%         6
 Statue Form              Tmut/Erth      3%         N/A       100%        6


Dungeon Overview and Level Annotations

Branches:
Dungeon (5/15)
 Temple: D:4-7

Altars:
Fedhas
Ru
Xom

Shops:
D:1 *

Annotations:
D:3 Ijyb
D:5 3 runed translucent doors, qwert's ghost, novice SpEn


Innate Abilities, Weirdness & Mutations

You have a pair of horns on your head.
You regenerate health from kills.
You have an unusually large brain. (Int +2)
You have large cloven feet.
Your flesh is heat resistant. (rF+)


Message History

The wight is heavily damaged.
You finish channelling your searing ray.
Casting: Searing Ray (safe; 1% risk of failure)
Confirm with . or Enter, or press ? or * to list all spells.
Aiming: Searing Ray (safe; 1% risk of failure)
Press: ? - help, Shift-Dir - straight line The searing ray hits the wight.
The wight is severely damaged. (Press . to maintain the ray.)
The searing ray hits the wight.
The wight is almost destroyed.
The wight hits you with a +4 battleaxe!
You feel drained.
Without enough magic to sustain it, your searing ray dissipates.
The wight hits you with a +4 battleaxe!
A wight comes into view. It is wielding a +2 spear of freezing.
You hit the wight but do no damage. You kick the wight, but do no damage.
The wight is almost destroyed.
The wight hits you with a +4 battleaxe!!
You hit the wight but do no damage. Your kick misses the wight.
You headbutt the wight.
You destroy the wight!
Your life force feels restored.
You hit the orc priest. Your kick misses the orc priest.
You headbutt the orc priest, but do no damage.
The orc priest is heavily wounded.
The orc priest hits you with a +0 club.
You barely miss the orc priest.
The orc priest is heavily wounded.
The orc priest closely misses you.
The wight hits you from afar with a +2 spear of freezing.
You feel drained. The wight freezes you.
You barely miss the orc priest. You headbutt the orc priest.
The orc priest is heavily wounded.
The wight barely misses you.
The orc priest mumbles some strange prayers to Beogh against you.
Beogh smites you!
* * * LOW HITPOINT WARNING * * *
The orc priest closely misses you.
The wight hits you from afar with a +2 spear of freezing!
You die...

.. #b......# #.#.#
o.o###.......########...#
............'...[.....##
##........#########.#
#.......)#########..#
#......#)##......#.##
#......#z##........#
.........#o##.......##
##########@##.......#
#.##......## #.#####..##
###.# #.## ..#.# #.#
####### #.#.# ##.#
......# #(#.####..#
##....# #.#.#....##
......# #.#...####


You could see a wight and an orc priest.

Vanquished Creatures
  Sigmund (D:4)
  An ice beast (D:5)
  2 wights (D:5)
  A howler monkey (D:4)
  4 hounds
  2 iguanas (D:4)
  An orc wizard (D:5)
  8 gnolls
  7 adders
  3 dart slugs
  7 orcs
  3 bats
  6 endoplasms
  3 giant cockroaches
  12 goblins
  5 hobgoblins
  8 jackals
  6 ball pythons
  6 frilled lizards
  6 kobolds
  9 rats
101 creatures vanquished.

Notes
Turn   | Place    | Note
-------+----------+-------------------------------------------
     0 | D:1      | croobank the Demonspawn Conjurer began the quest for the
                  | Orb.
     0 | D:1      | Reached XP level 1. HP: 13/13 MP: 3/3
   260 | D:1      | Gained mutation: You regenerate a little health from kills.
                  | [demonic ancestry]
   260 | D:1      | Reached XP level 2. HP: 10/19 MP: 1/5
   381 | D:1      | Learned a level 2 spell: Searing Ray
   735 | D:1      | Found Metude's General Store.
  1098 | D:1      | Gained mutation: You have a pair of small horns on your
                  | head. [demonic ancestry]
  1098 | D:1      | Reached XP level 3. HP: 24/24 MP: 3/6
  1102 | D:1      | Learned a level 3 spell: Dazzling Flash
  1263 | D:1      | Found a faded altar of an unknown god.
  1787 | D:2      | Gained mutation: You regenerate health from kills. [demonic
                  | ancestry]
  1787 | D:2      | Reached XP level 4. HP: 26/31 MP: 0/7
  1902 | D:2      | Reached skill level 1 in Fighting
  2947 | D:3      | Gained mutation: Your flesh is heat resistant. (rF+)
                  | [potion of mutation]
  2947 | D:3      | Gained mutation: You have large cloven feet. [potion of
                  | mutation]
  2952 | D:3      | Reached skill level 1 in Hexes
  3474 | D:3      | Gained mutation: You have an unusually large brain. (Int
                  | +2) [demonic ancestry]
  3474 | D:3      | Reached XP level 5. HP: 30/38 MP: 2/8
  3652 | D:3      | Noticed Ijyb
  4073 | D:3      | Found a sacrificial altar of Ru.
  4123 | D:4      | Noticed Sigmund
  4358 | D:4      | Reached XP level 6. HP: 36/46 MP: 3/10
  4429 | D:4      | Learned a level 4 spell: Iskenderun's Mystic Blast
  4652 | D:4      | Killed Sigmund
  4816 | D:4      | Gained mutation: You have a pair of horns on your head.
                  | [demonic ancestry]
  4816 | D:4      | Reached XP level 7. HP: 34/52 MP: 4/11
  4998 | D:4      | Reached skill level 1 in Translocations
  5282 | D:4      | Reached skill level 5 in Conjurations
  5474 | D:4      | Found a blossoming altar of Fedhas.
  5548 | D:5      | Entered Level 5 of the Dungeon
  5705 | D:5      | Noticed qwert's ghost (novice SpEn)
  5738 | D:5      | Found a runed translucent gate.
  5738 | D:5      | Found a runed translucent gate.
  5738 | D:5      | Found a runed translucent gate.
  5767 | D:5      | Found a shimmering altar of Xom.
  6019 | D:5      | Slain by a wight

Illustrated notes

Levels and vault maps discovered:
D:1:      scummos_arrival_simple_fountains, layout_loops_ring, serial_shops,
          nicolae_shop_temple_entry_statues_fountains, basic_ecumenical_altar,
          minmay_liquid_box
D:2:      layout_loops_corners
D:3:      layout_loops_ring, nicolae_ru_awakened_eye,
          mainiacjoe_overflow_boulevard, corexii_item_surrounded_by_moat,
          minmay_misc_feat_columns, st_stairs_14, uniq_ijyb
D:4:      layout_basic, fedhas_altar_4, hangedman_decor_lopped, uniq_sigmund
D:5:      layout_basic, nicolae_uskayaw_murder_on_the_dancefloor,
          xom_butterflies, serial_glass, glass_columns_b, glass_columns_c,
          gammafunk_ghost_split, uniq_blork_the_orc

Skill      XL: |  1  2  3  4  5  6  7 |
---------------+----------------------+-----
Stealth        | 2 3 |  3.7
Dodging        | 2 3 |  3.6
Fighting       | 1 2 3 |  3.6
Hexes          | 1 2 |  2.5
Spellcasting   | 3 |  3.5
Translocations | 1 |  1.6
Conjurations   | 5 |  5.2

Action                   |  1- 3 |  4- 6 |  7- 9 || total
-------------------------+-------+-------+-------++-------
Melee: Short sword       |    18 |    71 |    15 ||   104
       Unarmed           |     1 |       |       ||     1
       Headbutt          |     1 |     7 |     4 ||    12
       Kick              |       |     8 |     3 ||    11
 Cast: Magic Dart        |    31 |    25 |     3 ||    59
       Searing Ray       |    11 |    30 |    14 ||    55
       Dazzling Flash    |       |     1 |       ||     1
  Use: Scroll            |       |     6 |     2 ||     8
       Potion            |       |     2 |       ||     2
 Stab: Sleeping          |     4 |     6 |       ||    10
       Distracted        |       |     1 |       ||     1
Armor: Robe              |     3 |    15 |     5 ||    23
Dodge: Dodged            |    19 |    90 |    27 ||   136
